 Dungeon Crawl Stone Soup version 0.30-a0-1161-g0704695555 (webtiles) character file.

Game seed: 17940174182772627113

2369342 mattengel8991 the Sorcerer (level 27, 205/209 HPs)
             Began as a Djinni Conjurer on Apr 22, 2023.
             Was an Initiate of Gozag.
             Escaped with the Orb
             ... and 4 runes on Apr 27, 2023!
             The game lasted 05:41:40 (66424 turns).

mattengel8991 the Sorcerer (Djinni Conjurer)       Turns: 66424, Time: 05:41:40

Health: 205/209    AC: 21    Str: 16    XL:     27
Gold:   1153       EV: 23    Int: 31    God:    Gozag SH: 28 Dex: 16

rFire   + + +        T - +9 demon whip (spect)
rCold   + . .        E - +7 tower shield {rC+ rF+}
rNeg    + + +        K - +2 robe {Archmagi}
rPois   ∞            g - +2 helmet of Failure {Str+4 Slay+2}
rElec   +            k - +1 cloak of Starlight {*Dazzle EV+4 Stlth--}
rCorr   .            j - +3 pair of gloves of the Monkey's Uncle {Str+4}
SInv    +            (boots unavailable)
Will    +++..        p - amulet of regeneration
Stlth   +            w - ring of the Mage {Wiz Archmagi}
HPRegen 1.34/turn    I - ring of Oxyg {rElec Int+3 SInv}
MPRegen 0.00/turn

%: wizardry (x1), archmagi
@: lich-form, flying, studying 2 skills
A: draining attack, torment immunity, no potions, flying, sickness immunity,
fire resistance 2, cold vulnerability 1, float, innate caster, HP casting, extra
vitality 1
0: Orb of Zot
}: 4/15 runes: serpentine, barnacled, slimy, silver
a: End Transformation, Renounce Religion, Potion Petition, Call Merchant, Bribe
Branch


You escaped.
You worshipped Gozag.
Gozag was most pleased with you.
You were an undead lich.
You visited 10 branches of the dungeon, and saw 52 of its levels.
You visited 2 bazaars.
You also visited: Trove, Bailey, Gauntlet and Ice Cave.

You collected 29826 gold pieces.
You spent 6446 gold pieces at shops.
You paid 22227 gold pieces to Gozag.

Inventory:

Hand Weapons
 A - the +10 morningstar "Eos" {elec, Halo rElec}
   (You found it on level 5 of the Vaults)

   Halo:      It grants its wielder a halo, revealing invisible creatures and
   increasing accuracy against all within it other than the wielder.
   rElec:     It insulates you from electricity.
 Q - the +9 staff of Olgreb {rPois∞}
   (You found it on level 5 of the Lair of Beasts)

   It enhances your poison magic.
   It grants immunity to poison.
   It can be activated via the 'a'bility menu to radiate toxic energy, with
   effectiveness depending on Evocations skill.
 T - a +9 spectral demon whip (weapon)
Missiles
 t - 5 curare-tipped darts
 M - a throwing net
Armour
 e - a scarf of resistance
 g - the +2 helmet of Failure (worn) {Str+4 Slay+2}
   (You found it on level 3 of the Elven Halls)

   Str:       It affects your strength (+4).
   Slay:      It affects your accuracy & damage with ranged weapons and melee
   (+2).
 j - the +3 pair of gloves of the Monkey's Uncle (worn) {Str+4}
   (You found it in a treasure trove)

   Str:       It affects your strength (+4).
 k - the +1 cloak of Starlight (worn) {*Dazzle EV+4 Stlth--}
   (You found it in a treasure trove)

   *Dazzle:   It may blind those who miss an attack against the wearer in melee
   combat.
   EV:        It affects your evasion (+4).
   Stlth:     It makes you much less stealthy.
 E - a +7 tower shield of resistance (worn)
 F - a +3 kite shield of reflection
 K - a +2 robe of the Archmagi (worn)
 O - a +2 cloak of stealth
 Z - the +3 hat of Pondering {ponderous, Will+ MP+10 Int+5}
   (You took it off Gastronok on level 1 of the Lair of Beasts)

   Int:       It affects your intelligence (+5).
   MP:        It affects your magic capacity (+10).
   Will:      It increases your willpower.
Jewellery
 n - the amulet of the Four Winds {rN+ Will+++ Clar}
   (You found it on level 5 of the Pits of Slime)

   [amulet of nothing]

   rN:        It protects you from negative energy.
   Clar:      It protects you from confusion, rage, mesmerisation and fear.
   Will:      It greatly increases your willpower.
 p - an amulet of regeneration (around neck)
 w - the ring of the Mage (left hand) {Wiz Archmagi}
   (You took it off a merfolk on level 4 of the Shoals)

   [ring of wizardry]

   It improves your spell success rate.
   Archmagi:  It increases the power of your magical spells.
 y - the ring of the Scavenger {Int+3 Slay+4 Stlth+}
   (You acquired it on level 3 of the Realm of Zot)

   [ring of slaying]

   Int:       It affects your intelligence (+3).
   Slay:      It affects your accuracy & damage with ranged weapons and melee
   (+4).
   Stlth:     It makes you more stealthy.
 z - the amulet of the Air {Inacc Air Fly rElec RMsl}
   (You bought it in a shop in a bazaar)

   [amulet of nothing]

   Inacc:     It reduces the accuracy of your attacks and spells.
   Air:       It enhances your air magic.
   rElec:     It insulates you from electricity.
   Fly:       It grants you flight.
   RMsl:      It protects you from missiles.
 I - the ring of Oxyg (right hand) {rElec Int+3 SInv}
   (You bought it in a shop in a bazaar)

   [ring of see invisible]

   Int:       It affects your intelligence (+3).
   rElec:     It insulates you from electricity.
   SInv:      It lets you see invisible.
Wands
 o - a wand of light (41)
 s - a wand of polymorph (48)
 v - a wand of paralysis (72)
 B - a wand of digging (11)
 C - a wand of iceblast (37)
 N - a wand of mindburst (16)
Scrolls
 q - 5 scrolls of blinking
 r - 8 scrolls of fear
 u - 4 scrolls of silence
 x - 14 scrolls of teleportation
 D - 3 scrolls of summoning
 G - 3 scrolls of magic mapping
 L - 11 scrolls of fog
 P - 6 scrolls of poison
 S - 4 scrolls of immolation
 U - 10 scrolls of vulnerability
 W - a scroll of torment
Potions
 a - 2 potions of resistance
 b - 6 potions of brilliance
 c - 3 potions of cancellation
 d - 15 potions of curing
 f - 16 potions of heal wounds
 h - a potion of haste
 i - 5 potions of might
 l - 8 potions of attraction
 R - 4 potions of ambrosia
 Y - 2 potions of invisibility
Miscellaneous
 m - a phial of floods
 H - a tin of tremorstones (2/2)
 J - a lightning rod (4/4)
 V - a box of beasts
 X - a phantom mirror


   Skills:
 - Level 21.0 Fighting
 - Level 8.7 Short Blades
 * Level 15.6 Maces & Flails
 - Level 10.4 Armour
 - Level 15.0 Dodging
 - Level 6.2 Stealth
 - Level 18.0 Shields
 + Level 24.8 Spellcasting
 - Level 11.0 Evocations


You knew the following spells:

 Your Spells              Type           Power      Damage    Failure   Level
a - Magic Dart            Conj           100%       1d8       0%          1
b - Searing Ray           Conj           100%       2d8       0%          2
c - Dazzling Flash        Conj/Hex       100%       N/A       0%          3
d - Fulminant Prism       Conj/Hex       81%        3d33      0%          4
e - Iskenderun's Mystic   Conj/Tloc      100%       2d19      0%          4
f - Foxfire               Conj/Fire      100%       2x1d9     0%          1
g - Ensorcelled Hibernat  Hex/Ice        100%       N/A       0%          2
h - Hailstorm             Conj/Ice       100%       3d20      0%          3
i - Tukima's Dance        Hex            100%       N/A       0%          3
j - Petrify               Tmut/Erth      100%       N/A       0%          4
k - Yara's Violent Unrav  Hex/Tmut       81%        3d30      0%          5
l - Simulacrum            Ice/Necr       95%        N/A       0%          6
m - Death Channel         Necr           95%        N/A       0%          6
n - Eringya's Noxious Bo  Tmut/Pois      81%        N/A       0%          6
o - Ozocubu's Refrigerat  Ice            81%        4d25      1%          7
p - Disjunction           Tloc           81%        N/A       1%          8
q - Necromutation         Tmut/Necr      95%        N/A       1%          8
r - Shatter               Erth           81%        3d59*     2%          9
Your spell library was empty.

Dungeon Overview and Level Annotations

Branches:
Dungeon (15/15)            Temple (0/1) D:4            Lair (5/5) D:9
 Shoals (4/4) Lair:3        Snake (4/4) Lair:2        Slime (5/5) Lair:4
    Orc (2/2) D:9             Elf (3/3) Orc:2        Vaults (5/5) D:13
  Crypt (0/3) Vaults:2     Depths (4/4) D:15            Zot (5/5) Depths:4
 Bailey (visited)           IceCv (visited)         Gauntlet (visited)

Altars:
Ashenzari
Dithmenos
Elyvilon
Fedhas
Gozag
Nemelex Xobeh
Okawaru
Qazlal
Ru
Trog
Uskayaw
Xom
Yredelemnul
The Shining One
Jiyva

Shops:
D:7 (   D:11 ?   D:13 [(   Orc:1 =   Orc:2 **!(   Elf:3 [!   Shoals:2 :
Shoals:4 (==   Snake:1 =[   Snake:2 *   Vaults:1 :   Vaults:4 :   Depths:1 [
Depths:2 (=:=

Portals:
Hell: Depths:1 Depths:2 Depths:3 Depths:4
Abyss: Depths:3
Pandemonium: Depths:2
Ziggurat: Depths:4

Annotations:
Orc:1 1 transporter
Elf:2 3 runed translucent doors
Zot:4 1 transporter


Innate Abilities, Weirdness & Mutations

You are an undead lich.
Your unarmed attacks are suffused with negative energy.
You are immune to unholy pain and torment.
Your necromantic spells are more powerful.
You cannot drink.
You are flying.
You are immune to sickness and miasma.
You are immune to poison.
Your flesh is very heat resistant. (rF++)
You are vulnerable to cold. (rC-)
You float through the air rather than walking.
You learn spells naturally, not from books.
Your magical power is your life essence.
You have superior vitality. (+4 MHP)


Message History

Press: ? - help, Shift-Dir - straight line A rock wall.
This square is covered in magical glow.
The rock shatters into small pieces.
There is a stone staircase leading up here.
Your transformation is almost over.
You fly upwards.
There is a stone staircase leading down here.
Aiming: Dig
Press: ? - help, Shift-Dir - straight line A rock wall.
This square is covered in magical glow.
The rock shatters into small pieces.
You feel yourself come back to life.
Casting: Shatter (dangerous; 2% risk of failure)
Confirm with . or Enter, or press ? or * to list all spells.
You feel a strong surge of power!
Your body is suffused with negative energy!
Unknown command.
Aiming: Dig
Press: ? - help, Shift-Dir - straight line A rock wall.
This square is covered in magical glow.
The rock shatters into small pieces.
Aiming: Dig
Press: ? - help, Shift-Dir - straight line A rock wall.
This square is covered in magical glow.
The rock shatters into small pieces.
Casting: Necromutation (mildly dangerous; 1% risk of failure)
Confirm with . or Enter, or press ? or * to list all spells.
You feel a strong surge of power!
The dungeon rumbles!
An iron grate is ripped into pieces! x3; A door shatters!
An iron grate is ripped into pieces! x3; A door shatters! x2
An iron grate is ripped into pieces! x3; A door shatters!
An iron grate is ripped into pieces! x7; A door shatters!
Ka-crash!
You hear a shout!
There is a staircase leading out of the dungeon here.
You have escaped!

###### ##.....#.#.....######.#
##....#.#.#...# #...
####....#.#.#...# #..#
#.#.......#.#.##..# ###..#
#####........##.#.##..# #.....
#.....................# #.##.#
#.###.............##..###.#...
#.########.#.#....##.>....#..#
#.###.#8..#..L###............#
#.#8#+...+.....8#.###......#..
#.'.............'.# #......###
#.'...............# #......#
###8#.#.........#.# ########
###..........##.############
##############.............
#.############ ###


There were no monsters in sight!

Vanquished Creatures
  the Royal Jelly (Slime:5)
  2 dread liches (Zot:5)
  3 ancient liches (Zot:5)
  2 orbs of fire
  Boris (Vaults:5)
  Bai Suzhen (Vaults:4)
  2 Killer Klowns
  2 curse toes (Zot:3)
  3 golden dragons
  Nikola (Shoals:2)
  8 tentacled monstrosities
  2 electric golems
  Jorgrun (D:15)
  2 liches (Vaults:5)
  5 Orb Guardians
  5 quicksilver dragons
  A titan (Vaults:5)
  A deep elf master archer (Elf:3)
  16 acid blobs
  2 deep elf blademasters (Elf:3)
  Polyphemus (Shoals:2)
  2 Executioners
  5 death cobs
  Frances (Shoals:1)
  Gastronok (Lair:1)
  6 sphinxes
  A kraken (Shoals:3)
  7 shadow dragons
  10 storm dragons
  7 tengu reavers
  2 draconian monks (Zot:5)
  A daeva (Depths:4)
  11 rockslimes
  13 nagarajas (Snake:4)
  2 draconian scorchers
  Donald (Shoals:2)
  7 fire giants
  5 azure jellies
  5 deep elf sorcerers
  3 frost giants
  Aizul (Snake:3)
  12 vault wardens
  A balrug (Depths:2)
  2 draconian shifters
  2 orc warlords
  3 ghost moths
  A draconian knight (Zot:1)
  2 iron dragons (Vaults:5)
  An angel (Depths:4)
  17 ironbound preservers
  A juggernaut zombie (D:15)
  5 deep elf elementalists (Elf:3)
  A caustic shrike zombie (D:15)
  2 reapers
  A draconian stormcaller (Zot:5)
  6 ironbound thunderhulks
  20 very ugly things
  2 war gargoyles
  14 stone giants
  A draconian annihilator (Depths:4)
  14 quicksilver oozes
  2 vampire knights
  4 green draconians
  4 deep elf demonologists
  6 deep elf annihilators
  9 black draconians
  8 dire elephants
  2 purple draconians
  A minotaur (Gauntlet)
  2 spark wasps
  4 red draconians
  3 yellow draconians
  A white draconian (Zot:3)
  6 deep elf death magi
  8 fire dragons
  12 ettins
  10 yaktaur captains
  2 entropy weavers
  9 deep elf high priests
  5 merfolk impalers
  Josephine (Shoals:1)
  An entropy weaver (shapeshifter) (Vaults:1)
  Harold (D:10)
  A salamander tyrant (Snake:4)
  28 vault guards
  13 great orbs of eyes
  5 spriggan air magi
  4 hydras
  12 ice dragons
  3 merfolk avatars
  5 rakshasas
  2 anacondas (shapeshifter)
  4 ogre magi
  6 ironbound frosthearts
  5 catoblepae
  2 death knights (Vaults:2)
  15 anacondas
  4 boulder beetles
  2 merfolk aquamancers
  3 alligator snapping turtles
  5 satyrs (Shoals:4)
  4 centaur warriors
  3 two-headed ogres
  31 dancing weapons
  14 death yaks
  10 naga warriors
  5 deep troll earth magi
  2 shock serpents (shapeshifter)
  3 tengu warriors
  8 deep troll shamans
  5 shock serpents
  3 spriggan berserkers
  9 naga sharpshooters
  3 orc high priests (Orc:2)
  16 hell knights
  6 skysharks
  A fire crab (Lair:5)
  9 skeletal warriors
  7 deep elf knights
  3 salamander mystics
  A sea snake (shapeshifter) (D:14)
  A storm dragon skeleton (Depths:1)
  2 flayed ghosts
  9 iron trolls
  21 sea snakes
  8 naga ritualists
  16 ironbound convokers
  13 deep elf archers
  3 glowing orange brains
  8 wizards
  72 deep trolls
  24 harpies
  4 phantasmal warriors
  28 deep elf pyromancers
  7 necromancers
  10 lindwurms
  26 deep elf zephyrmancers
  7 mana vipers
  A mana viper (shapeshifter) (Depths:2)
  3 shining eyes
  An oklob plant (Lair:2)
  13 orc knights
  27 fauns
  4 orc sorcerers
  16 manticores
  A salamander (shapeshifter) (Elf:1)
  A cyclops (Shoals:4)
  A faun (shapeshifter) (Depths:1)
  37 ugly things
  A frost giant zombie (Vaults:3)
  3 moths of wrath (shapeshifter)
  6 salamanders
  16 elephants (Lair:5)
  A stone giant skeleton (Vaults:3)
  A tengu skeleton (Vaults:3)
  11 merfolk sirens
  16 moths of wrath
  2 ice statues (IceCv)
  4 guardian serpents
  6 naga magi
  110 slime creatures
  Maurice (D:11)
  3 water nymphs
  A guardian serpent (shapeshifter) (Vaults:5)
  An eye of devastation (Slime:5)
  37 black mambas
  21 vault sentinels
  5 gargoyles
  Maggie (Lair:1)
  12 cane toads
  A yaktaur zombie (Vaults:3)
  8 unseen horrors
  A rime drake (Lair:5)
  12 komodo dragons
  Psyche (D:8)
  2 tengu conjurers
  An efreet (D:15)
  2 kobold demonologists
  21 yaktaurs
  2 guardian mummies
  A freezing wraith (D:14)
  8 wind drakes
  2 anaconda simulacra (IceCv)
  7 ice devils
  A troll (shapeshifter) (D:13)
  3 spriggan skeletons
  34 merfolk
  10 trolls
  3 polar bears
  12 hornets
  2 raiju (Gauntlet)
  An ettin zombie (D:15)
  Prince Ribbit (D:5)
  6 dream sheep
  9 blink frogs
  9 snapping turtles
  4 flying skulls (Gauntlet)
  A vampire (D:13)
  13 water elementals
  3 shadows
  5 air elementals
  17 spriggans
  3 wyverns
  73 yaks
  6 wraiths
  3 golden eyes (Slime:4)
  7 basilisks
  4 fire elementals
  3 steam dragons
  2 redbacks (Vaults:4)
  A redback (shapeshifter) (Depths:3)
  10 vampire mosquitoes
  A harpy simulacrum (IceCv)
  3 wargs
  48 nagas
  3 acid dragons
  2 large abominations (D:8)
  14 water moccasins
  A floating eye (Slime:5)
  A floating eye (shapeshifter) (D:13)
  A swamp drake (D:9)
  8 black bears
  22 orc warriors
  An ice beast (D:8)
  2 sky beasts
  8 ogres
  4 boggarts
  9 centaurs
  33 wolves
  2 phantoms
  6 kobold brigands
  5 earth elementals
  16 bullfrogs
  A gnoll sergeant (D:10)
  A cane toad simulacrum (IceCv)
  4 scorpions
  13 wights
  An elephant simulacrum (IceCv)
  9 electric eels
  5 howler monkeys
  2 hounds
  2 jellies
  19 orc priests
  A gnoll bouda (D:5)
  6 iguanas
  27 orc wizards
  2 lightning spires (Gauntlet)
  2 polar bear simulacra (IceCv)
  2 troll simulacra (IceCv)
  A statue (D:10)
  4 spriggan simulacra (IceCv)
  2 wolf simulacra (IceCv)
  17 gnolls
  8 adders
  2 naga simulacra (IceCv)
  A shadow imp (D:8)
  A white imp (D:7)
  3 ufetubi (IceCv)
  8 worms
  6 dart slugs
  77 orcs
  12 endoplasms
  6 giant cockroaches
  10 goblins
  3 hobgoblins
  15 kobolds
  8 quokkas
  4 ball pythons
  8 bats
  6 frilled lizards
  8 rats
  A butterfly (Lair:5)
  7 foxfires
  2 fulminant prisms
  4 spectral weapons
  A tentacle (Shoals:3)
2074 creatures vanquished.

Vanquished Creatures (collateral kills)
  2 tentacled monstrosities (Vaults:5)
  3 Orb Guardians
  2 shadow dragons (Vaults:5)
  A tengu reaver (Vaults:5)
  A storm dragon (Vaults:5)
  A fire giant (Depths:1)
  5 vault wardens
  A frost giant (Depths:1)
  2 iron dragons (Vaults:5)
  7 ironbound preservers
  A stone giant (Vaults:5)
  A white draconian (Zot:3)
  4 ettins
  4 merfolk impalers
  A deep elf death mage (Vaults:5)
  A deep elf high priest (Elf:3)
  3 merfolk javelineers
  3 yaktaur captains
  14 vault guards
  An ironbound frostheart (Vaults:2)
  7 naga warriors
  A centaur warrior (Vaults:2)
  2 tengu warriors
  2 naga sharpshooters
  A hell knight (Depths:1)
  A skeletal warrior (D:14)
  3 ironbound convokers
  2 naga ritualists
  6 orc knights
  A deep elf pyromancer (D:14)
  2 deep trolls
  A moth of wrath (Zot:3)
  7 salamanders
  2 naga magi
  2 vault sentinels
  A merfolk siren (Shoals:3)
  A guardian serpent (Snake:4)
  2 black mambas
  A gargoyle (D:14)
  A freezing wraith (Vaults:5)
  A yaktaur (Vaults:1)
  5 merfolk
  A troll (Orc:2)
  2 large abominations (Zot:3)
  A slime creature (Vaults:3)
  A human (D:13)
  5 nagas
  A warg (Orc:2)
  14 orc warriors
  2 ogres (Orc:2)
  A gnoll sergeant (D:10)
  3 orc priests (Orc:2)
  An orc wizard (Orc:2)
  A gnoll (D:7)
  9 orcs
  21 foxfires
173 creatures vanquished.

Vanquished Creatures (others)
  An ancient lich (Zot:5)
  3 Orb Guardians (Zot:5)
  A vault warden (Vaults:2)
  A fire giant (Vaults:5)
  An entropy weaver (Vaults:5)
  14 dancing weapons
  An ufetubus (IceCv)
  A bush (Lair:5)
  2207 foxfires
  256 fulminant prisms
  44 fungi
  291 plants
  26 spectral weapons
  7 tentacles (Shoals:3)
  5 withered plants (D:15)
2859 creatures vanquished.

Grand Total: 5106 creatures vanquished

Notes
Turn   | Place    | Note
-------+----------+-------------------------------------------
     0 | D:1      | mattengel8991 the Djinni Conjurer began the quest for the
                  | Orb.
     0 | D:1      | mattengel8991 set off with the following spells memorised:
                  | Magic Dart, Searing Ray, Dazzling Flash, Fulminant Prism,
                  | Iskenderun's Mystic Blast.
     0 | D:1      | Reached XP level 1. HP: 15/15 MP: 0/0
   175 | D:1      | Reached XP level 2. HP: 20/21 MP: 0/0
   406 | D:1      | Reached XP level 3. HP: 25/26 MP: 0/0
   406 | D:1      | Learned a level 1 spell: Foxfire
   813 | D:2      | Found a faded altar of an unknown god.
  1063 | D:2      | Reached XP level 4. HP: 27/31 MP: 0/0
  1110 | D:2      | Reached skill level 1 in Fighting
  1205 | D:2      | Reached skill level 4 in Spellcasting
  1544 | D:3      | Noticed a black bear
  1606 | D:3      | Found a hide-covered altar of Uskayaw.
  1606 | D:3      | Found a blossoming altar of Fedhas.
  1606 | D:3      | Found a shadowy altar of Dithmenos.
  1606 | D:3      | Found a shimmering altar of Xom.
  1611 | D:3      | Reached XP level 5. HP: 29/37 MP: 0/0
  1611 | D:3      | Learned a level 2 spell: Ensorcelled Hibernation
  1912 | D:3      | Killed a black bear
  1913 | D:3      | Reached XP level 6. HP: 36/43 MP: 0/0
  2972 | D:4      | Found an opulent altar of Gozag.
  2995 | D:4      | Became a worshipper of Gozag Ym Sagoz the Greedy
  3065 | D:4      | Reached skill level 5 in Spellcasting
  3154 | D:4      | Identified the +0 robe "Neffyppo" {rPois Int+3}
  3263 | D:4      | Reached XP level 7. HP: 36/49 MP: 0/0
  3263 | D:4      | Learned a level 3 spell: Hailstorm
  3571 | D:4      | Found a staircase to the Ecumenical Temple.
  4053 | D:5      | Entered Level 5 of the Dungeon
  4061 | D:5      | Reached XP level 8. HP: 38/55 MP: 0/0
  4306 | D:5      | Reached skill level 6 in Spellcasting
  4490 | D:5      | Noticed Prince Ribbit
  4499 | D:5      | Killed Prince Ribbit
  5079 | D:5      | Reached XP level 9. HP: 53/62 MP: 0/0
  5079 | D:5      | Learned a level 3 spell: Tukima's Dance
  5219 | D:6      | Found a broken altar of Ashenzari.
  5479 | D:6      | Reached skill level 5 in Dodging
  5479 | D:6      | Reached skill level 7 in Spellcasting
  5606 | D:6      | Found a sparkling altar of Nemelex Xobeh.
  6483 | D:6      | Reached skill level 5 in Stealth
  6920 | D:7      | Reached XP level 10. HP: 68/69 MP: 0/0
  6922 | D:7      | Noticed a komodo dragon
  6927 | D:7      | Killed a komodo dragon
  6928 | D:7      | Reached skill level 5 in Fighting
  6928 | D:7      | Reached skill level 1 in Evocations
  6929 | D:7      | Noticed a two-headed ogre
  6934 | D:7      | Identified the +10 whip "Qyqag Ipiome" {drain, *Slow +Blink
                  | rPois rC+}
  6947 | D:7      | Noticed a white ugly thing
  7034 | D:7      | Reached skill level 8 in Spellcasting
  7122 | D:7      | Found a basalt altar of Yredelemnul.
  7145 | D:7      | Found a flagged portal.
  7164 | Bailey   | Entered a bailey
  7547 | Bailey   | Noticed an orc knight
  7579 | Bailey   | Killed an orc knight
  7626 | Bailey   | Identified the ring of Wiyv {rC+ Int+6}
  7634 | Bailey   | Reached skill level 9 in Spellcasting
  7634 | Bailey   | Reached skill level 5 in Evocations
  7634 | Bailey   | Reached XP level 11. HP: 80/80 MP: 0/0
  7634 | Bailey   | Learned a level 4 spell: Petrify
  7811 | D:7      | Found a stormy altar of Qazlal.
  7898 | D:7      | Found a white marble altar of Elyvilon.
  7948 | D:7      | Killed a two-headed ogre
  7988 | D:7      | Found Saps's Weapon Emporium.
  8541 | D:7      | Killed a white ugly thing
  8542 | D:7      | Reached XP level 12. HP: 67/86 MP: 0/0
  8772 | D:8      | Noticed Psyche
  8776 | D:8      | Killed Psyche
  9570 | D:9      | Identified the ring of the Many Beds {Str+3 SInv}
  9593 | D:9      | Reached skill level 10 in Dodging
 10174 | D:9      | Found a staircase to the Orcish Mines.
 10436 | D:9      | Reached skill level 10 in Spellcasting
 10480 | D:9      | Found a staircase to the Lair.
 10548 | D:10     | Entered Level 10 of the Dungeon
 10784 | D:10     | Reached skill level 1 in Shields
 11024 | D:10     | Noticed Harold
 11055 | D:10     | Killed Harold
 11070 | D:10     | Reached skill level 10 in Fighting
 11563 | D:11     | Noticed Maurice
 11585 | D:11     | Killed Maurice
 11662 | D:11     | Found a gate leading to a gauntlet.
 11672 | Gauntlet | Entered a Gauntlet
 11672 | Gauntlet | Found a transporter.
 11672 | Gauntlet | Found a transporter.
 11672 | Gauntlet | Found a transporter.
 11684 | Gauntlet | Found a transporter.
 11687 | Gauntlet | Found a transporter.
 11691 | Gauntlet | Noticed a tengu warrior
 11695 | Gauntlet | Found a transporter.
 11698 | Gauntlet | Found a transporter.
 11706 | Gauntlet | Found a transporter.
 11726 | Gauntlet | Found a transporter.
 11747 | Gauntlet | Found a transporter.
 11748 | Gauntlet | Found a transporter.
 11759 | Gauntlet | Found a transporter.
 12049 | Gauntlet | Reached XP level 13. HP: 91/97 MP: 0/0
 12049 | Gauntlet | Learned a level 5 spell: Yara's Violent Unravelling
 12109 | Gauntlet | Reached skill level 5 in Shields
 12195 | Gauntlet | Identified the ring "Leceheg" {Dex+6 SInv}
 12240 | Gauntlet | Noticed a minotaur
 12294 | Gauntlet | Killed a minotaur
 12295 | Gauntlet | Identified the +0 robe "Ycvibbia" {Harm Str-3 Stlth+}
 12295 | Gauntlet | Identified the staff of fire "Burr" {rF+ Int+2}
 13239 | D:11     | Bought a scroll of teleportation for 42 gold pieces
 13239 | D:11     | Bought a scroll of teleportation for 42 gold pieces
 13239 | D:11     | Bought a scroll of identify for 28 gold pieces
 13239 | D:11     | Bought a scroll of summoning for 133 gold pieces
 13239 | D:11     | Bought a scroll of immolation for 56 gold pieces
 13242 | D:11     | Bought a scroll of identify for 28 gold pieces
 13245 | D:11     | Bought a scroll of magic mapping for 105 gold pieces
 13331 | Lair:1   | Entered Level 1 of the Lair of Beasts
 13566 | Lair:1   | Reached skill level 11 in Spellcasting
 13567 | Lair:1   | Noticed Maggie
 13575 | Lair:1   | Killed Maggie
 13892 | Lair:1   | Noticed Gastronok
 13932 | Lair:1   | Killed Gastronok
 14573 | Lair:2   | Found a sacrificial altar of Ru.
 14717 | Lair:2   | Reached XP level 14. HP: 107/108 MP: 0/0
 14723 | Lair:2   | Found a staircase to the Snake Pit.
 15501 | Lair:3   | Reached skill level 12 in Spellcasting
 15786 | Lair:3   | Found a staircase to the Shoals.
 16738 | Lair:4   | Found a staircase to the Slime Pits.
 16850 | Lair:4   | Identified the +9 sling of Summertime {heavy, rN++ Str+3
                  | Dex-3 Stlth+}
 17083 | Lair:4   | Identified the +1 plate armour of Paranoia {Regen+ Dex+3}
 17294 | Lair:4   | Upgraded the game from 0.30-a0-1116-gebefce21f7 to
                  | 0.30-a0-1124-g6e8f0f562f
 17312 | Lair:5   | Entered Level 5 of the Lair of Beasts
 17723 | Lair:5   | Reached XP level 15. HP: 117/117 MP: 0/0
 17723 | Lair:5   | Learned a level 6 spell: Simulacrum
 17905 | Lair:5   | Reached skill level 13 in Spellcasting
 18553 | Lair:5   | Reached skill level 15 in Fighting
 18856 | Lair:5   | Found the +9 staff of Olgreb {rPois∞}
 19276 | Orc:1    | Entered Level 1 of the Orcish Mines
 19487 | Orc:1    | Found a bloodstained altar of Trog.
 19487 | Orc:1    | Found the necklace of Bloodlust {Fury *Rage Will++ Int-3
                  | Slay+6}
 19516 | Orc:1    | Found Fifeoddy's Jewellery Emporium.
 19820 | Orc:2    | Entered Level 2 of the Orcish Mines
 19873 | Orc:2    | Reached XP level 16. HP: 98/126 MP: 0/0
 20052 | Orc:2    | Found a frozen archway.
 20074 | IceCv    | Entered an ice cave
 20312 | IceCv    | Reached skill level 14 in Spellcasting
 20782 | Orc:2    | Found a staircase to the Elven Halls.
 20947 | Orc:1    | Found a transporter.
 21182 | Orc:2    | Found Rueni Suh's Antique Weapon Boutique.
 21182 | Orc:2    | Found Sietsyos's General Store.
 21185 | Orc:2    | Found Ciura's Distillery.
 21185 | Orc:2    | Found Guzodyapt's Assorted Antiques.
 21193 | Orc:2    | Bought a potion of might for 52 gold pieces
 21193 | Orc:2    | Bought a potion of heal wounds for 65 gold pieces
 21193 | Orc:2    | Bought 2 potions of heal wounds for 130 gold pieces
 21193 | Orc:2    | Bought a potion of curing for 39 gold pieces
 21194 | Orc:2    | Bought a tourmaline ring for 160 gold pieces
 21194 | Orc:2    | Bought a fuming puce potion for 28 gold pieces
 21197 | Orc:2    | Bought a scroll of magic mapping for 120 gold pieces
 21197 | Orc:2    | Bought a scroll of teleportation for 48 gold pieces
 21208 | Orc:2    | Bought a scroll of identify for 64 gold pieces
 21631 | D:12     | Found a portal to a secret trove of treasure.
 21913 | D:12     | Identified the +7 ring mail of Nuvaig {*Corrode rElec rN+}
 22074 | D:11     | Bought a scroll of identify for 28 gold pieces
 22788 | D:13     | Reached skill level 10 in Evocations
 22887 | D:13     | Found a gate to the Vaults.
 23031 | D:13     | Identified the +10 battleaxe of Pedghew {protect, Fragile
                  | rCorr Int+3 Dex+5}
 23459 | D:13     | Bought a runed short sword for 138 gold pieces
 23653 | D:14     | Reached skill level 15 in Spellcasting
 24190 | D:14     | Reached XP level 17. HP: 128/133 MP: 0/0
 24190 | D:14     | Learned a level 6 spell: Death Channel
 24619 | D:14     | Identified a scroll of acquirement
 24620 | D:14     | Acquired a manual of Maces & Flails
 24867 | Snake:1  | Entered Level 1 of the Snake Pit
 25008 | Snake:1  | Reached skill level 1 in Maces & Flails
 25292 | Snake:1  | Found Esunolar's Jewellery Emporium.
 25306 | Snake:1  | Found Etette Unaa's Armour Shoppe.
 26088 | Snake:2  | Found Pyxerow's General Store.
 26096 | Snake:2  | Bought a lightning rod (4/4) for 510 gold pieces
 26562 | Snake:2  | Reached skill level 5 in Maces & Flails
 27414 | Snake:3  | Reached skill level 16 in Spellcasting
 27779 | Snake:3  | Reached XP level 18. HP: 127/141 MP: 0/0
 28657 | Snake:3  | Noticed Aizul
 28671 | Snake:3  | Killed Aizul
 29119 | Snake:3  | Upgraded the game from 0.30-a0-1124-g6e8f0f562f to
                  | 0.30-a0-1160-g6e42c06551
 29127 | Snake:4  | Entered Level 4 of the Snake Pit
 29856 | Snake:4  | Reached skill level 10 in Maces & Flails
 30020 | Snake:4  | Got a serpentine rune of Zot
 30293 | Shoals:1 | Entered Level 1 of the Shoals
 30293 | Shoals:1 | Noticed Frances
 30309 | Shoals:1 | Killed Frances
 31086 | Shoals:1 | Noticed Josephine
 31096 | Shoals:1 | Killed Josephine
 31097 | Shoals:1 | Reached XP level 19. HP: 116/147 MP: 0/0
 31097 | Shoals:1 | Learned a level 6 spell: Eringya's Noxious Bog
 31561 | Shoals:2 | Noticed Nikola
 31573 | Shoals:2 | Killed Nikola
 31655 | Shoals:2 | Reached skill level 17 in Spellcasting
 32119 | Shoals:2 | Noticed Polyphemus
 32150 | Shoals:2 | Killed Polyphemus
 32295 | Shoals:2 | Noticed Donald
 32430 | Shoals:2 | Found Ode Tysill's Self-Improvement Boutique.
 32483 | Shoals:2 | Bought a manual of Fighting for 1360 gold pieces
 32575 | Shoals:2 | Killed Donald
 33037 | Shoals:3 | Reached skill level 15 in Dodging
 34286 | Shoals:4 | Entered Level 4 of the Shoals
 34286 | Shoals:4 | Found Riucumi's Jewellery Shop.
 34370 | Shoals:4 | Found Poir's Jewellery Shop.
 34605 | Shoals:4 | Reached XP level 20. HP: 147/155 MP: 0/0
 34742 | Shoals:4 | Found a gateway to a bazaar.
 34818 | Bazaar   | Entered a bazaar
 34823 | Bazaar   | Found Hum Cer's Antique Weapon Emporium.
 34831 | Bazaar   | Bought a dazzling scimitar for 306 gold pieces
 34831 | Bazaar   | Identified the +0 scimitar of Deixuem {flame, Fly Dex+3}
                  | (You bought it in a shop in a bazaar)
 34831 | Bazaar   | Bought a masterwork short sword for 272 gold pieces
 34831 | Bazaar   | Identified the +3 short sword of Disarray {spect, rCorr}
                  | (You bought it in a shop in a bazaar)
 34831 | Bazaar   | Bought a glowing rapier for 238 gold pieces
 34834 | Bazaar   | Found Eqolibacs's Antique Weapon Emporium.
 34838 | Bazaar   | Found Hups's Jewellery Shop.
 34870 | Bazaar   | Found Buadith's Book Shop.
 34875 | Bazaar   | Found Vetir's Book Shoppe.
 34916 | Bazaar   | Bought a twisted great sword for 299 gold pieces
 34916 | Bazaar   | Identified the +2 great sword of Feveihae {pain, rPois rF+
                  | Int+3 Dex+3} (You bought it in a shop in a bazaar)
 34923 | Bazaar   | Bought the ring of Oxyg {rElec Int+3 SInv} for 388 gold
                  | pieces
 34923 | Bazaar   | Bought the amulet of the Air {Inacc Air Fly rElec RMsl} for
                  | 413 gold pieces
 34923 | Bazaar   | Found the amulet of the Air {Inacc Air Fly rElec RMsl}
 35472 | Shoals:4 | Got a barnacled rune of Zot
 35715 | Shoals:4 | Found Iqylias's Antique Weapon Boutique.
 35723 | Shoals:4 | Bought a warped rapier for 270 gold pieces
 35723 | Shoals:4 | Identified the +8 rapier of Befuewau {chaos, rC+ Str+2
                  | Int+2} (You bought it in a shop on level 4 of the Shoals)
 36406 | Snake:4  | Reached skill level 10 in Shields
 37333 | D:15     | Entered Level 15 of the Dungeon
 37453 | D:15     | Noticed Jorgrun
 37474 | D:15     | Killed Jorgrun
 37725 | D:15     | Found a staircase to the Depths.
 38236 | D:15     | Upgraded the game from 0.30-a0-1160-g6e42c06551 to
                  | 0.30-a0-1161-g0704695555
 38696 | Elf:1    | Entered Level 1 of the Elven Halls
 39048 | Elf:1    | Reached XP level 21. HP: 129/166 MP: 0/0
 39048 | Elf:1    | Learned a level 7 spell: Ozocubu's Refrigeration
 40650 | Elf:2    | Found Xeuka's Weapon Boutique.
 40936 | Elf:2    | Found a runed translucent gate.
 40937 | Elf:2    | Found a runed translucent gate.
 40937 | Elf:2    | Found a runed translucent gate.
 41252 | Vaults:1 | Entered Level 1 of the Vaults
 41787 | Vaults:1 | Found Dirozxun's Book Boutique.
 42007 | Vaults:1 | Reached XP level 22. HP: 178/178 MP: 0/0
 42448 | Vaults:1 | Reached XP level 23. HP: 144/184 MP: 0/0
 42448 | Vaults:1 | Learned a level 8 spell: Disjunction
 42680 | Vaults:2 | Reached skill level 15 in Shields
 42849 | Vaults:2 | Reached skill level 18 in Spellcasting
 43146 | Vaults:2 | You are sucked into a shaft and drop 2 floors!
 43217 | Vaults:4 | Paralysed by a sphinx for 2 turns
 43503 | Vaults:4 | Found Pekhlai's Book Boutique.
 43783 | Vaults:3 | Found a crumbling gateway.
 44807 | Vaults:2 | Found a staircase to the Crypt.
 45453 | Vaults:3 | Reached skill level 5 in Short Blades
 46012 | Vaults:3 | Reached skill level 19 in Spellcasting
 46124 | Vaults:3 | Reached XP level 24. HP: 176/191 MP: 0/0
 47380 | Vaults:4 | Noticed Bai Suzhen
 47461 | Vaults:4 | Killed Bai Suzhen
 48198 | Elf:3    | Entered Level 3 of the Elven Halls
 48202 | Elf:3    | Found Ylodix's Distillery.
 48304 | Elf:3    | Found a gateway to a bazaar.
 48329 | Bazaar   | Entered a bazaar
 48343 | Bazaar   | Found Tunoxini's Book Emporium.
 48359 | Bazaar   | Found Jies's Armour Emporium.
 48429 | Elf:3    | Found Buunir's Armour Shop.
 48831 | Elf:3    | Found Kipoirorr's Magic Scroll Shoppe.
 49091 | Elf:3    | Identified the +7 scimitar of Moral Flaws {flame, rF+++}
 49091 | Elf:3    | Identified the +0 leather armour of Dramatic Exits {+Inv
                  | rElec}
 49277 | Elf:3    | Identified the +0 ring mail "Lelamu" {rElec Int+3}
 49340 | Elf:3    | Reached skill level 20 in Spellcasting
 49539 | Elf:3    | Identified the +2 helmet of Failure {Str+4 Slay+2}
 50260 | Vaults:5 | Entered Level 5 of the Vaults
 50271 | Vaults:5 | Reached XP level 25. HP: 194/196 MP: 0/0
 50271 | Vaults:5 | Learned a level 8 spell: Necromutation
 50288 | Vaults:5 | Noticed Boris
 50766 | Vaults:5 | Identified the ring "Eshunuun" {rC+ rCorr MP+9 Dex+3}
 50774 | Vaults:5 | Got a silver rune of Zot
 51022 | Vaults:5 | Identified the ring "Teruteha" {rF+ rC+ rCorr Int+2 Dex+3}
 51036 | Vaults:5 | Killed Boris
 51223 | Vaults:5 | Reached skill level 21 in Spellcasting
 51777 | Vaults:5 | Identified the +0 leather armour "Pemakkew" {+Blink Slay-3
                  | SInv}
 51781 | Vaults:5 | Identified the +1 robe of Reaqunk {Harm rPois rCorr Str+8}
 51782 | Vaults:5 | Identified the staff of cold "Jiam" {rC+ rCorr}
 51851 | Vaults:5 | Identified the staff of earth "Otipn" {Fragile +Blink
                  | Int+3}
 52124 | Vaults:5 | Identified the +7 fire dragon scales "Jecowk" {Rampage
                  | rElec rF++ rC- Regen+ Int-4}
 52171 | Vaults:5 | Found the brooch of Shielding {Spirit SH+8}
 52460 | Vaults:5 | Found the +10 morningstar "Eos" {elec, Halo rElec}
 52532 | Vaults:5 | Identified the +3 great mace of the Gnat {heavy, rC- rN+
                  | Str+2 Dex+2}
 52854 | Depths:1 | Entered Level 1 of the Depths
 53747 | Depths:1 | Reached XP level 26. HP: 185/203 MP: 0/0
 54834 | Orc:2    | Bought a scroll of enchant weapon for 120 gold pieces
 54834 | Orc:2    | Bought a phial of floods for 640 gold pieces
 55472 | Depths:1 | Found a gateway to Hell.
 55487 | Depths:1 | Reached skill level 5 in Armour
 56011 | Depths:1 | Identified the +0 robe of Midwinter {Fly rC- Dex-3 Stlth+}
 56205 | Depths:1 | Found Maatt's Antique Armour Emporium.
 56225 | Depths:1 | Bought a dazzling ring mail for 324 gold pieces
 56225 | Depths:1 | Identified the +4 ring mail of Dintif {Rampage rElec rC-
                  | Will-} (You bought it in a shop on level 1 of the Depths)
 56533 | Depths:2 | Found Vinatiom's Weapon Shoppe.
 56549 | Depths:2 | Found Kuogo's Jewellery Boutique.
 56550 | Depths:2 | Found Buqado's Book Shoppe.
 56551 | Depths:2 | Found Vimewi's Jewellery Boutique.
 56944 | Depths:2 | Reached skill level 22 in Spellcasting
 57442 | Depths:2 | Found a one-way gate leading to the halls of Pandemonium.
 57910 | Depths:3 | Found a one-way gate to the infinite horrors of the Abyss.
 58185 | Depths:3 | Found an iron altar of Okawaru.
 58222 | Depths:3 | Identified the +7 spear "Lelophogi" {freeze, *Corrode rC-
                  | Will+++ Dex+4 Stlth+}
 58508 | Depths:4 | Entered Level 4 of the Depths
 58511 | Depths:4 | Reached XP level 27. HP: 201/209 MP: 0/0
 58511 | Depths:4 | Learned a level 9 spell: Shatter
 58945 | Depths:4 | Found a glowing golden altar of the Shining One.
 59065 | Depths:4 | Found a one-way gateway to a ziggurat.
 59628 | Depths:4 | Found a gate to the Realm of Zot.
 60421 | Slime:1  | Entered Level 1 of the Pits of Slime
 61364 | Slime:3  | Reached skill level 10 in Armour
 61367 | Slime:3  | Reached skill level 23 in Spellcasting
 61999 | Slime:5  | Entered Level 5 of the Pits of Slime
 62253 | Slime:5  | Found a viscous altar of Jiyva.
 62261 | Slime:5  | Noticed the Royal Jelly
 62338 | Slime:5  | Killed the Royal Jelly
 62441 | Slime:5  | Identified the amulet of Joaniw {Spirit -Tele rC++ Str+2
                  | Dex-3}
 62441 | Slime:5  | Found the amulet of the Four Winds {rN+ Will+++ Clar}
 62450 | Slime:5  | Identified the +3 battleaxe of Reinforcement {antimagic,
                  | SInv}
 62471 | Slime:5  | Identified the ring "Wieluod" {MP+9 Int+2 Dex+2}
 62481 | Slime:5  | Identified the +7 shortbow of the Realm of Zot {heavy,
                  | *Corrode rPois rN+ Int+2}
 62491 | Slime:5  | Identified the +5 arbalest "Meomaschu" {freeze, Str+5
                  | Int+2}
 62495 | Slime:5  | Got a slimy rune of Zot
 62520 | Slime:5  | Identified the +1 ring mail of Greater Demons {Str+4}
 62548 | Slime:5  | Identified the +10 morningstar of Eternal Harmony {distort,
                  | rC+ rN+ Dex-2 Stlth+}
 62555 | Slime:5  | Identified the staff of poison "Ileso" {rPois Int+7}
 63193 | D:12     | You showed the slimy rune of Zot to enter a treasure trove
 63194 | Trove    | Entered a treasure trove
 63196 | Trove    | Found the +1 cloak of Starlight {*Dazzle EV+4 Stlth--}
 63206 | Trove    | Identified the +8 plate armour of the Equator {rCorr Str+6}
 63207 | Trove    | Identified the +3 ring mail "Azisk" {rElec}
 63208 | Trove    | Identified the +3 pair of gloves of the Monkey's Uncle
                  | {Str+4}
 63213 | Trove    | Identified the +1 pair of gloves of Courage {Stlth+}
 63215 | Trove    | Identified the +9 crystal plate armour "Voysobesch" {rF+}
 63216 | Trove    | Identified the +0 robe "Moysumom" {Rampage *Corrode Will+
                  | MP+9}
 63567 | Zot:1    | Entered Level 1 of the Realm of Zot
 64273 | Zot:1    | Acquired a manual of Maces & Flails
 64623 | Zot:3    | Noticed an orb of fire
 64645 | Zot:3    | Killed an orb of fire
 64651 | Zot:3    | Identified the +2 robe of the Tarantula {rC- Will+ Int+4}
 64715 | Zot:3    | Acquired 539 gold pieces
 64719 | Zot:3    | Acquired the ring of the Scavenger {Int+3 Slay+4 Stlth+}
 64728 | Zot:3    | Acquired 759 gold pieces
 64767 | Zot:3    | Noticed a Killer Klown
 64783 | Zot:3    | Killed a Killer Klown
 64873 | Zot:3    | Reached skill level 24 in Spellcasting
 64979 | Zot:4    | Found a transporter.
 65187 | Zot:5    | Entered Level 5 of the Realm of Zot
 65476 | Zot:5    | Noticed a dread lich
 65478 | Zot:5    | Noticed an ancient lich
 65483 | Zot:5    | Noticed an ancient lich
 65485 | Zot:5    | Killed a dread lich
 65486 | Zot:5    | Reached skill level 15 in Maces & Flails
 65489 | Zot:5    | Killed an ancient lich
 65490 | Zot:5    | Noticed a Killer Klown
 65494 | Zot:5    | Killed an ancient lich
 65511 | Zot:5    | Killed a Killer Klown
 65512 | Zot:5    | Noticed an orb of fire
 65538 | Zot:5    | Killed an orb of fire
 65706 | Zot:5    | Noticed a dread lich
 65706 | Zot:5    | Noticed an orb of fire
 65723 | Zot:5    | Killed an ancient lich
 65734 | Zot:5    | Killed a dread lich
 65739 | Zot:5    | Noticed an ancient lich
 65751 | Zot:5    | Killed an ancient lich
 65862 | Zot:5    | Got the Orb of Zot
 66424 | D:$      | Escaped with the Orb!

Illustrated notes

Levels and vault maps discovered:
D:1:      wander_arrival_abandoned_jail, layout_basic
D:2:      layout_basic, ebering_ecumenical_altar_webs
D:3:      layout_basic, chequers_temple_overflow_statue_of_worship,
          minmay_pentangle
D:4:      layout_basic, nicolae_gozag_seed_capital, minmay_temple_entry_waves
D:5:      layout_basic, minmay_hedge_maze, grunt_ministairs_11,
          uniq_prince_ribbit1
D:6:      cheibrodos_two_vegetables, layout_gridville,
          mainiacjoe_overflow_24_doors, cheibrodos_ashenzari_chains
D:7:      layout_basic, nicolae_qazlal_eye_of_the_storm,
          nicolae_overflow_hidden_temple, serial_shops, shop, enter_bailey_3,
          minmay_manual_monstrance
D:8:      layout_loops_ring, corexii_hall_statues_x, minivault_11,
          eino_tiny_chamber, st_stairs_3, minmay_misc_feat_encased, uniq_psyche
D:9:      layout_loops_ring, david_lair_shrubbed, erik_orc_1
D:10:     layout_basic, vehumet_statue, minmay_fractal_squares_gapless_5,
          uniq_harold
D:11:     layout_gridville, gauntlet_entry_generic, serial_glass,
          glass_columns_a, glass_columns_b, item_on_display_b,
          due_unseen_surprise, item_on_display_a, blue_anna_alchemist,
          uniq_maurice
D:12:     layout_layer_cave, nicolae_trove_entry_path_of_doom
D:13:     layout_loops_ring, grunt_vaults_entry_fortified
D:14:     four-leaf_vault, layout_cave_pools, serial_park_gazebo
          [serial_park_minivault_5x5_1], elves_outpost_lemuel
D:15:     gammafunk_depths_entry_grave, layout_basic, serial_park_tiny_pond,
          argonaut_gorgonesque, uniq_jorgrun
Lair:1:   layout_concentric_octagons, nicolae_lair_lindhole, uniq_maggie,
          uniq_gastronok
Lair:2:   layout_regular_city, minmay_snake_entry_guardpost_small,
          lemuel_oklob_altar, grunt_megastairs_1
Lair:3:   layout_loops_ring, elwin_shoals_entry_rocks
Lair:4:   layout_regular_city, slime_entry_1
Lair:5:   minmay_lair_end_enchanted_forest, layout_big_grid,
          lemuel_fruit_fields, grunt_megastairs_2, lemuel_fruit_tree
Shoals:1: layout_shoals, uniq_frances, uniq_josephine
Shoals:2: layout_shoals, nicolae_shop_self_help, uniq_polyphemus, uniq_nikola,
          uniq_donald
Shoals:3: layout_shoals
Shoals:4: shoals_end_grunt_garden, layout_shoals, serial_shops, bzr_entry_road,
          nicolae_shop_tiny_waterfront, shop, nicolae_shop_stone
Snake:1:  layout_misc_corridors, nicolae_snake_bzzzt, minmay_shoptagon
Snake:2:  layout_layer_cave, serial_shops, nicolae_shop_window_shopping,
          grunt_ministairs_3
Snake:3:  minmay_snake_river, layout_chambers, grunt_ministairs_1, drop_trap,
          nicolae_integral_box, serial_bayou_shore_b, uniq_aizul
Snake:4:  grunt_snake_rune_spirals, layout_onion, basic_altar
Slime:1:  layout_caves
Slime:2:  layout_caves
Slime:3:  layout_caves, cheibrodos_slime_lost_civilization_6
Slime:4:  layout_caves, cheibrodos_slime_lost_civilization_5
Slime:5
Orc:1:    emtedronai_trogs_sanctum, layout_caves, serial_shops,
          nicolae_square_shop
Orc:2:    grunt_orc_tribal_feast, layout_caves, portal_ice_cave_demonic_guard,
          nicolae_orc_lava_room
Elf:1:    elf_arrival_001, layout_geoelf_octagon, basic_altar, minivault_28,
          hex_large, dk_noncrumbling_3
Elf:2:    nicolae_elf_blades_crystal_corner, layout_onion_city, serial_shops,
          nicolae_shop_real_fake_doors, due_unseen_surprise
Elf:3:    minmay_elf_hall_not_hex, layout_rooms, serial_sigils,
          serial_sigils_hangedman_clutch, serial_sigils_hangedman_leer,
          serial_sigils_hangedman_snap, serial_sigils_hangedman_confine,
          serial_sigils_hangedman_scratch, serial_sigils_hangedman_writhe,
          serial_shops, bzr_entry_islet, nicolae_shop_crystal,
          nicolae_shop_advertising_works [nicolae_subvault_shop_adworks], shop,
          basic_altar
Vaults:1: nicolae_vaults_trapezoid_lopsided_2, nicolae_vaults_little_squares_4,
          vaults_mumra_minichess, vaults_room_fancy_cross,
          hangedman_vaults_trim, nicolae_vaults_back_hallway,
          nicolae_vaults_specimen_jars, st_cells, vaults_room_grid,
          vaults_room_stairs_pillars, hangedman_vaults_locks,
          ontoclasm_vaults_eye, nicolae_vaults_trapezoid_2,
          nicolae_vaults_house_1, nicolae_vaults_six-pack, layout_vaults_ring,
          serial_shops, nicolae_shop_just_a_little_nook
Vaults:2: vaults_room_guarded_vault, nicolae_vaults_network_star,
          blue_anna_dwarven_crypt, ontoclasm_vaults_idyll,
          nicolae_vaults_trapezoid_lopsided_1, vaults_dpeg_encased_lava,
          vaults_dpeg_diagonal, v_pattern_4, vaults_room_door_hall,
          vaults_dpeg_emergency_exit, grunt_vaults_focal,
          nicolae_vaults_surprise_closet, layout_vaults_quadrants
Vaults:3: portal_desolation_entry_nicolae_forbidding_blocks,
          nicolae_vaults_apartment_1, v_pattern_3,
          nicolae_vaults_closet_pinwheel_2, st_lattice,
          nicolae_vaults_tetromino_T_1, nicolae_vaults_three_branches,
          v_misc_19, nicolae_vaults_apartment_2, nicolae_vaults_prndl,
          nicolae_vaults_storage_room_statues, nicolae_vaults_wine_cellar,
          v_misc_2, ontoclasm_vaults_chip, nicolae_vaults_ring_of_whatevers,
          layout_vaults_big_cross
Vaults:4: nicolae_vaults_tangram_1, nicolae_vaults_little_guard_posts,
          nicolae_vaults_bisected_slash, grunt_vaults_bifocal,
          ontoclasm_vaults_pinch, v_misc_15, nicolae_vaults_meiosis,
          nicolae_vaults_sealed_display, nicolae_vaults_yaktaur_gun_rack,
          hangedman_vaults_river_flow, nicolae_vaults_theta,
          grunt_vaults_twisty, nicolae_vaults_trapezoid_lopsided_4,
          nicolae_vaults_octothorpe, nicolae_vaults_alarming,
          layout_vaults_maze_bifur, serial_shops, nicolae_shop_mannequins,
          uniq_bai_suzhen, uniq_margery
Vaults:5: serial_shops, uniq_boris
Depths:1: layout_cave_shapes, minivault_14, serial_shops, shop,
          hangedman_coc_ice_floe, minmay_multi_spiral, grunt_megastairs_5
Depths:2: kennysheep_ambush_hall, layout_basic, rand_demon_pan_entry_4,
          serial_shops, shop, pf_dread_powers_of_hell,
          kennysheep_random_hallway, serial_bayou_shore_b,
          infiniplex_staircase_pillars_3a, minmay_shop_grove
Depths:3: grated_community_mu [grated_community_mu_vampire_home,
          grated_community_mu_giant_home, grated_community_mu_spellcaster_home,
          grated_community_mu_orcish_home, grated_community_mu_troll_home,
          grated_community_mu_taur_home, grated_community_mu_unbuilt_plot],
          layout_twisted_cross, abyss_entry_crystal, grunt_metal_band,
          okawaru_ov_weapons_minmay, infiniplex_staircase_x
Depths:4: evilmike_zot_entry_hall, layout_gridlike, enter_ziggurat_c,
          hell_entry, nrook_mini_vaults, tso_oasis_becter
Zot:1:    layout_misc_corridors
Zot:2:    layout_concentric_octagons, uniq_grunn
Zot:3:    layout_gridlike
Zot:4:    gammafunk_the_bubble [the_bubble_gammafunk_crates], layout_basic
Zot:5:    layout_cathedral_of_symmetry

Skill      XL: |  1  2  3  4  5  6  7  8  9 10 11 12 13 14 15 16 17 18 19 20 21 22 23 24 25 26 27 |
---------------+----------------------------------------------------------------------------------+-----
Stealth        | 2 3 4 5 6 |  6.2
Fighting       | 1 2 3 4 7 10 12 14 15 16 17 19 21 | 21.0
Spellcasting   | 4 5 6 7 9 10 11 12 13 15 16 17 19 20 21 22 24 | 24.8
Dodging        | 3 4 6 9 10 11 13 14 15 | 15.0
Evocations     | 5 6 8 9 10 11 | 11.0
Shields        | 4 6 8 11 14 16 17 18 | 18.0
Maces & Flails | 7 11 12 13 15 | 15.6
Short Blades   | 2 5 7 8 |  8.7
Armour         | 2 3 8 10 | 10.4

Action                     |  1- 3 |  4- 6 |  7- 9 | 10-12 | 13-15 | 16-18 | 19-21 | 22-24 | 25-27 || total
---------------------------+-------+-------+-------+-------+-------+-------+-------+-------+-------++-------
  Melee: Whip              |       |       |    21 |   113 |   389 |   753 |   517 |   600 |   295 ||  2688
         Rapier            |       |       |       |    16 |    49 |       |     2 |       |       ||    67
         Punch             |       |       |       |     1 |       |       |       |       |       ||     1
         Demon whip        |       |       |       |       |       |       |       |       |   892 ||   892
  Throw: Dart              |       |       |       |       |     1 |       |       |       |       ||     1
   Cast: Magic Dart        |    66 |   103 |    61 |   108 |   202 |     7 |       |       |       ||   547
         Searing Ray       |     2 |    10 |    39 |    50 |    66 |    12 |     9 |     6 |     6 ||   200
         Fulminant Prism   |       |     3 |    13 |    30 |    87 |    66 |    42 |    11 |     6 ||   258
         Foxfire           |       |     1 |     8 |     7 |       |   496 |   709 |    18 |    38 ||  1277
         Hailstorm         |       |       |     7 |    14 |    71 |    90 |    77 |    24 |    31 ||   314
         Ensorcelled Hiber |       |       |     2 |       |       |       |       |       |       ||     2
         Tukima's Dance    |       |       |     3 |    22 |    12 |    58 |    38 |    40 |    35 ||   208
         Dazzling Flash    |       |       |     1 |       |     1 |       |       |       |     1 ||     3
         Petrify           |       |       |       |    12 |    25 |    24 |    35 |    12 |     5 ||   113
         Iskenderun's Myst |       |       |       |    15 |    83 |    98 |    99 |    59 |    62 ||   416
         Yara's Violent Un |       |       |       |       |     3 |    20 |    59 |    45 |    36 ||   163
         Death Channel     |       |       |       |       |       |     1 |       |     1 |     3 ||     5
         Eringya's Noxious |       |       |       |       |       |       |     5 |     8 |     7 ||    20
         Ozocubu's Refrige |       |       |       |       |       |       |    34 |   104 |   204 ||   342
         Disjunction       |       |       |       |       |       |       |       |     3 |     1 ||     4
         Necromutation     |       |       |       |       |       |       |       |       |    47 ||    47
         Shatter           |       |       |       |       |       |       |       |       |    18 ||    18
 Invoke: Potion Petition   |       |       |       |       |     2 |     1 |     7 |     3 |    30 ||    43
         Call Merchant     |       |       |       |       |     1 |     2 |       |       |       ||     3
         Bribe Branch      |       |       |       |       |       |       |       |       |     1 ||     1
Ability: End Transformatio |       |       |       |       |       |       |       |       |     3 ||     3
  Evoke: Wand              |       |       |       |     1 |     4 |     2 |     9 |     3 |    16 ||    35
         Box of beasts     |       |       |       |       |       |       |     1 |       |     1 ||     2
         Tin of tremorston |       |       |       |       |       |       |       |     1 |     1 ||     2
         Phantom mirror    |       |       |       |       |       |       |       |       |     1 ||     1
    Use: Scroll            |     3 |     7 |     5 |     5 |    11 |     6 |     3 |     2 |    37 ||    79
         Potion            |       |       |       |     1 |     2 |       |     2 |     3 |    18 ||    26
   Stab: Sleeping          |       |       |     2 |     2 |     1 |     1 |     5 |     7 |     2 ||    20
         Invisible         |       |       |     2 |       |       |     1 |       |       |     1 ||     4
         Petrified         |       |       |       |    25 |    64 |    30 |     1 |     6 |       ||   126
         Petrifying        |       |       |       |     3 |     3 |     2 |     4 |     1 |       ||    13
         Paralysed         |       |       |       |       |     8 |       |     3 |       |       ||    11
         Distracted        |       |       |       |       |     7 |     4 |     6 |     8 |    26 ||    51
 Armour: Robe              |     2 |       |     7 |    24 |   135 |   133 |    91 |    49 |   180 ||   621
  Dodge: Dodged            |     1 |     7 |    53 |   144 |   310 |   477 |   301 |   197 |   396 ||  1886
  Block: Buckler           |       |       |       |     5 |   106 |   264 |   145 |       |       ||   520
         Kite shield       |       |       |       |       |       |       |    87 |   303 |   135 ||   525
         Reflection        |       |       |       |       |       |       |    13 |    22 |     5 ||    40
         Tower shield      |       |       |       |       |       |       |       |       |   705 ||   705

Table legend: (Time is in decaauts)
 A = Elapsed time spent in this place.
 B = Non-inter-level travel time spent in this place.
 C = Inter-level travel time spent in this place.
 D = Time resting spent in this place.
 E = Time spent auto-exploring this place.
 F = Levels seen in this place.
 G = Mean time per level.
                   A        B        C        D        E       F      G
               +--------+--------+--------+--------+--------+-----+--------+
         Total |  65444 |  57436 |   8008 |   2385 |  36984 |  58 | 1128.3 |
       Dungeon |  19240 |  15685 |   3555 |    823 |  10913 |  15 | 1282.7 |
          Lair |   6783 |   5849 |    934 |    280 |   3869 |   5 | 1356.6 |
        Shoals |   5289 |   5081 |    208 |    320 |   3079 |   4 | 1322.2 |
     Snake Pit |   6719 |   5924 |    795 |    172 |   3848 |   4 | 1679.8 |
    Slime Pits |   2505 |   2375 |    130 |     21 |   1731 |   5 |  501.0 |
  Orcish Mines |   1981 |   1522 |    459 |      0 |    963 |   2 |  990.5 |
   Elven Halls |   3923 |   3691 |    232 |     68 |   2504 |   3 | 1307.7 |
        Vaults |   9190 |   7961 |   1229 |    455 |   5167 |   5 | 1838.0 |
        Depths |   5485 |   5038 |    447 |     49 |   3475 |   4 | 1371.2 |
           Zot |   2154 |   2140 |     14 |    125 |    594 |   5 |  430.8 |
        Bazaar |    237 |    237 |      0 |      0 |     87 |   2 |  118.5 |
         Trove |     54 |     54 |      0 |      0 |      1 |   1 |   54.0 |
        Bailey |    594 |    594 |      0 |      0 |    312 |   1 |  594.0 |
      Ice Cave |    519 |    519 |      0 |      0 |    195 |   1 |  519.0 |
      Gauntlet |    764 |    764 |      0 |     72 |    244 |   1 |  764.0 |
               +--------+--------+--------+--------+--------+-----+--------+

Top non-repeatable levels by time:
Vaults:4: 2447 daAuts
 Snake:3: 1951 daAuts
     D:9: 1904 daAuts
Vaults:3: 1878 daAuts
Vaults:2: 1870 daAuts
 Snake:4: 1815 daAuts
 Snake:2: 1747 daAuts
Depths:4: 1690 daAuts
  Lair:5: 1612 daAuts
     D:6: 1565 daAuts
    D:13: 1524 daAuts
Vaults:1: 1524 daAuts
   Elf:3: 1513 daAuts
Depths:2: 1509 daAuts
Shoals:2: 1502 daAuts
